 Dungeon Crawl Stone Soup version 0.24-a0-291-g79c1ce7 (webtiles) character file.

Game seed: 3684503745067599960

60334 Anathematize the Unseen (level 14, 0/135 HPs)
             Began as a Naga Warper on May 10, 2019.
             Was the Champion of Cheibriados.
             Shot with an arrow by a centaur warrior (15 damage)
             ... on level 14 of the Dungeon on May 11, 2019.
             The game lasted 04:22:30 (35228 turns).

Anathematize the Unseen (Naga Warper)              Turns: 35228, Time: 04:22:30

Health: 0/135      AC: 16    Str: 30    XL:     14   Next: 99%
Magic:  20/24      EV: 10    Int: 36    God:    Cheibriados [******]
Gold:   1011       SH:  8    Dex: 33    Spells: 4/26 levels left

rFire    + + .     SeeInvis +   V - +10 trident of Buupy {freeze, rF+ Int+4 Dex+3}
rCold    . . .     Gourm    .   y - +1 buckler {AC+3}
rNeg     . . .     Faith    .   c - +3 ring mail {rF+}
rPois    +         Spirit   .   D - +1 helmet
rElec    .         Reflect  .   N - +0 cloak
rCorr    +         Harm     .   (no gloves)
MR       .....                  (no barding)
Stlth    +++++++...             (no amulet)
HPRegen  0.32/turn              F - ring of resist corrosion
MPRegen  0.19/turn              a - +4 ring of dexterity

@: vulnerable, studying Stealth, very slow
A: large, see invisible, deformed body, poison resistance, slowness 2, slow
metabolism 1, spit poison 1, constrict 1, AC +4
a: Spit Poison, Bend Time, Temporal Distortion, Slouch, Step From Time, Renounce
Religion


You were on level 14 of the Dungeon.
You worshipped Cheibriados.
Cheibriados was exalted by your worship.
You were hungry.

You visited 3 branches of the dungeon, and saw 21 of its levels.

You collected 1514 gold pieces.
You spent 503 gold pieces at shops.

Inventory:

Hand Weapons
 i - a +5 war axe of freezing
 l - a +0 blowgun
 Q - a +0 executioner's axe of electrocution
 U - a +5 dagger
 V - the +10 trident of Buupy (weapon) {freeze, rF+ Int+4 Dex+3}
   (You took it off a centaur on level 13 of the Dungeon)

   It has been specially enchanted to freeze those struck by it, causing extra
   injury to most foes and up to half again as much damage against particularly
   susceptible opponents.
   It can also slow down cold-blooded creatures.
   It affects your intelligence (+4).
   It affects your dexterity (+3).
   It protects you from fire.
Missiles
 h - 546 stones (quivered)
 j - 8 tomahawks
 o - 79 poisoned needles
 M - 4 javelins
Armour
 b - +0 steam dragon scales
 c - a +3 ring mail of fire resistance (worn)
 y - a +1 buckler of protection (worn)
 D - a +1 helmet (worn)
 G - a +2 chain mail of cold resistance
 N - a +0 cloak (worn)
 S - a scarf of cloud immunity
Jewellery
 a - a +4 ring of dexterity (right hand)
 u - an uncursed ring of flight
 F - a ring of resist corrosion (left hand)
Wands
 v - a wand of polymorph (8)
 w - a wand of iceblast (10)
 E - a wand of scattershot (2)
 I - a wand of digging (7)
 J - a wand of flame (14)
 R - a wand of disintegration (9)
 W - a wand of paralysis (12)
Scrolls
 g - a scroll of teleportation
 k - 3 scrolls of identify
 p - 8 scrolls of remove curse
 q - 6 scrolls of fog
 r - 3 scrolls of amnesia
 O - 3 scrolls of magic mapping
Potions
 m - 4 potions of curing
 n - a potion of flight
 s - a potion of cancellation
 t - 2 potions of ambrosia
 x - 3 potions of brilliance
 A - a potion of agility
 K - 2 potions of mutation
 L - 4 potions of lignification
 T - 2 potions of might
 X - a potion of degeneration
Books
 P - a manual of Stealth
Miscellaneous
 H - a phantom mirror
 Y - a phial of floods
Comestibles
 f - 45 rations


   Skills:
 + Level 11.1 Fighting
 + Level 12.8 Axes
 - Level 6.1 Throwing
 - Level 0.7 Armour
 - Level 1.5 Dodging
 + Level 18.7 Stealth
 - Level 2.4 Shields
 * Level 6.8 Spellcasting
 - Level 8.0 Hexes
 - Level 5.0 Summonings
 - Level 5.0 Translocations
 - Level 10.0 Invocations


You had 4 spell levels left.
You knew the following spells:

 Your Spells              Type           Power        Failure   Level  Hunger
a - Confuse               Hex            ######..     1%          3    None
b - Tukima's Dance        Hex            ######..     1%          3    None
c - Spectral Weapon       Hex/Chrm       #####...     2%          3    None
d - Shroud of Golubria    Chrm/Tloc      ####......   2%          2    None
e - Blink                 Tloc           N/A          1%          2    None
f - Passage of Golubria   Tloc           N/A          6%          4    #......
g - Summon Mana Viper     Hex/Summ       ######..     9%          5    ####...

Your spell library contained the following spells:

 Spells                   Type           Power        Failure   Level  Hunger
 Corona                   Hex            ######.      1%          1    None
 Ensorcelled Hibernation  Hex/Ice        #####.       1%          2    None
 Gell's Gravitas          Tloc           #####.....   1%          3    None
 Lesser Beckoning         Tloc           #####.....   1%          3    None
 Recall                   Summ/Tloc      N/A          1%          3    None
 Teleport Other           Tloc           #####...     1%          3    None
 Dazzling Spray           Conj/Hex       #####.       2%          3    None
 Infusion                 Chrm           ##..         4%          1    None
 Shock                    Conj/Air       ##..         4%          1    None
 Passwall                 Tmut/Erth      ##......     7%          2    None
 Poisonous Vapours        Pois/Air       ##....       7%          2    None
 Song of Slaying          Chrm           ##......     7%          2    None
 Swiftness                Chrm/Air       ##......     7%          2    None
 Conjure Flame            Conj/Fire      ##......     14%         3    None
 Mephitic Cloud           Conj/Pois/Air  ##......     14%         3    None
 Regeneration             Chrm/Necr      ##........   14%         3    None
 Static Discharge         Conj/Air       ##......     14%         3    None
 Airstrike                Air            ##........   43%         4    #......
 Aura of Abjuration       Summ           #####.....   17%         5    ####...
 Summon Demon             Summ           #####.....   17%         5    ####...
 Summon Forest            Summ/Tloc      #####.....   17%         5    ####...
 Darkness                 Hex            ######....   26%         6    ######.
 Invisibility             Hex            ######..     26%         6    ######.
 Shadow Creatures         Summ           N/A          67%         6    ######.
 Bolt of Magma            Conj/Fire/Erth ##........   78%         5    ####...
 Iskenderun's Battlesphe  Conj/Chrm      ##......     78%         5    ####...
 Lee's Rapid Deconstruct  Erth           ##........   78%         5    ####...
 Lightning Bolt           Conj/Air       ##........   78%         5    ####...
 Venom Bolt               Conj/Pois      ##........   78%         5    ####...
 Freezing Cloud           Conj/Ice/Air   ##........   100%        6    ######.
 Iron Shot                Conj/Erth      ##........   100%        6    ######.
 Orb of Destruction       Conj           ##........   100%        7    #######
 Ring of Flames           Chrm/Fire      ##........   100%        7    #######
 Spellforged Servitor     Conj/Summ      ####......   100%        7    #######


Dungeon Overview and Level Annotations

Branches:
Dungeon (14/15)            Temple (1/1) D:5            Lair (6/6) D:10
  Swamp (0/4) Lair:2        Snake (0/4) Lair:2        Slime (0/5) Lair:6
    Orc (0/2) D:12
 Vaults: D:13-14

Altars:
Ashenzari
Cheibriados
Elyvilon
Fedhas
Gozag
Hepliaklqana
Makhleb
Okawaru
Qazlal
Sif Muna
Trog
Vehumet
Wu Jian
Xom
Yredelemnul
Zin
Jiyva

Shops:
D:8 ?   D:11 (   D:12 *

Portals:
Trove: D:12 (give 6 scrolls of blinking)

Annotations:
D:6 exclusion: water moccasin
D:7 1 exclusion
D:9 exclusion: downstairs, Harold
D:10 Psyche
D:12 Jorgrun
D:13 exclusions: deep elf knight and orc warrior
Lair:3 1 runed translucent door, exclusions: door and 2 oklob plants, Wunonnet's ghost, journeyman CeHu


Innate Abilities, Weirdness & Mutations

You cannot wear boots.
Your serpentine skin is tough. (AC +4)
You have supernaturally acute eyesight. (SInv)
Armour fits poorly on your strangely shaped body.
Your system is resistant to poisons. (rPois)
You cover ground very slowly.
You have a slow metabolism.
You can spit poison.
You can use your snake-like lower body to constrict enemies.


Message History

The centaur shoots an arrow.
You block the arrow.
You block the skeletal warrior's attack.
The two-headed ogre shouts in stereo!
You can feel time thicken for a moment.
You kill the centaur!
Cheibriados thoroughly appreciates the change of pace.
You kill the centaur!
Cheibriados thoroughly appreciates the change of pace.
You feel somewhat more hungry.
The centaur warrior shoots an arrow.
The arrow hits you.
The centaur warrior shoots an arrow.
The arrow misses you. The skeletal warrior misses you.
The centaur warrior shoots an arrow.
The arrow hits you!
* * * LOW HITPOINT WARNING * * *
The centaur warrior shoots an arrow.
The arrow hits you!
* * * LOW HITPOINT WARNING * * *
The centaur warrior shoots an arrow.
The arrow hits you.
* * * LOW HITPOINT WARNING * * *
You block the skeletal warrior's attack.
The centaur warrior shoots an arrow.
The arrow hits you!
You die...

.........#.....#.#.#.#...
.##W#.####..>............
)#..#.#####....#.#.#.#..#
...##..[..##..)...(c(..##
.########.....(#)#(#.#.#
..#### ######..O.....)#
(....##########.((....##
.......^......((.(....#
.....##########z@<.<..#
.....# #(((....# .....#
######### .....# .....#
######


You could see a skeletal warrior, a centaur warrior and a two-headed ogre.

Vanquished Creatures
  An entropy weaver (Lair:4)
  Erolcha (D:11)
  2 hydras
  2 centaur warriors (D:13)
  9 two-headed ogres
  A death yak (Lair:6)
  A queen ant (Lair:4)
  A wizard (D:9)
  A phantasmal warrior (D:14)
  An ugly thing (D:12)
  2 cyclopes
  6 elephants (Lair:6)
  2 black mambas
  Joseph (D:7)
  Maurice (D:13)
  A centaur zombie (D:13)
  8 spiny frogs
  A torpor snail (Lair:5)
  A gargoyle (D:11)
  5 komodo dragons
  5 hornets
  6 polar bears
  6 slime creatures (D:13)
  2 tyrant leeches (Lair:1)
  19 blink frogs
  2 dream sheep (Lair:5)
  9 hippogriffs
  7 spriggans
  35 yaks
  Grum (D:9)
  2 wraiths
  A shadow (D:10)
  3 wyverns
  2 basilisks
  A fire elemental (Lair:2)
  11 fire bats (Lair:2)
  A vampire mosquito (D:11)
  A hungry ghost (D:12)
  A soldier ant (shapeshifter) (D:12)
  2 nagas (Lair:2)
  3 soldier ants (Lair:4)
  12 water moccasins
  10 porcupines
  4 orc warriors
  8 ice beasts
  3 sky beasts
  4 black bears
  7 phantoms
  2 hornet zombies (D:13)
  3 ogres
  4 boggarts (Lair:6)
  38 wolves
  17 centaurs
  13 crocodiles
  3 big kobolds
  10 bullfrogs
  A gnoll sergeant (D:7)
  6 scorpions
  6 killer bees (D:7)
  A water moccasin skeleton (D:4)
  9 wights
  6 howler monkeys
  8 crimson imps
  A bullfrog zombie (D:11)
  A quasit (D:7)
  6 jellies
  2 centaur skeletons
  4 iguanas
  5 orc priests
  4 hounds
  8 orc wizards
  A bullfrog skeleton (D:13)
  19 worker ants
  A killer bee zombie (D:9)
  2 hound zombies
  A hound skeleton (D:5)
  A howler monkey zombie (D:8)
  3 worker ant zombies
  9 gnolls
  A howler monkey skeleton (D:11)
  11 adders
  2 shadow imps
  An ooze (D:7)
  2 worms
  3 dart slugs
  5 leopard geckos
  44 orcs
  2 ball pythons
  3 giant cockroaches
  3 goblins
  5 hobgoblins
  4 jackals
  15 kobolds
  3 quokkas
  9 bats
  4 frilled lizards
  A quokka skeleton (D:4)
  9 rats
  2 fungi
  3 plants
  A spectral weapon (D:12)
544 creatures vanquished.

Vanquished Creatures (collateral kills)
  An entropy weaver (Lair:4)
  5 hydras
  A death knight (D:14)
  A two-headed ogre (D:11)
  4 death yaks
  3 elephants (Lair:6)
  A spiny frog (Lair:6)
  2 dream sheep (Lair:5)
  2 blink frogs (Lair:6)
  5 spriggans (Lair:6)
  4 yaks
  An orc warrior (D:12)
  2 ogres (D:11)
  A wolf (Lair:6)
  A centaur (D:14)
  6 wights
  A crimson imp (D:9)
  An orc wizard (D:11)
  3 worker ants (Lair:4)
  4 orcs (D:12)
49 creatures vanquished.

Vanquished Creatures (others)
  6 dancing weapons
  19 fungi
  21 plants
  A spectral weapon (Lair:6)
47 creatures vanquished.

Grand Total: 640 creatures vanquished

Notes
Turn   | Place    | Note
-------+----------+-------------------------------------------
     0 | D:1      | Anathematize the Naga Warper began the quest for the Orb.
     0 | D:1      | Reached XP level 1. HP: 19/19 MP: 3/3
     3 | D:1      | Noticed an electric eel
   368 | D:1      | Reached skill level 1 in Stealth
   368 | D:1      | Reached XP level 2. HP: 10/26 MP: 5/5
  1174 | D:2      | Found a basalt altar of Yredelemnul.
  1324 | D:2      | Reached XP level 3. HP: 20/33 MP: 6/6
  1646 | D:2      | Reached skill level 2 in Stealth
  1646 | D:2      | Reached skill level 1 in Shields
  2142 | D:2      | Reached XP level 4. HP: 38/40 MP: 7/7
  2243 | D:3      | Learned a level 2 spell: Blink
  2246 | D:3      | Learned a level 2 spell: Shroud of Golubria
  2890 | D:3      | Found a burning altar of Makhleb.
  2895 | D:3      | Found a stormy altar of Qazlal.
  2897 | D:3      | Found a hazy altar of Hepliaklqana.
  2900 | D:3      | Found an ornate altar of the Wu Jian Council.
  2901 | D:3      | Found a white marble altar of Elyvilon.
  2998 | D:3      | Reached XP level 5. HP: 48/48 MP: 8/8
  3019 | D:3      | Reached skill level 3 in Stealth
  3298 | D:3      | Found an iron altar of Okawaru.
  4154 | D:3      | Reached XP level 6. HP: 54/56 MP: 9/9
  4312 | D:4      | Noticed a phantom
  4427 | D:4      | Reached skill level 4 in Stealth
  4468 | D:4      | Found a shattered altar of Ashenzari.
  4875 | D:4      | Killed a phantom
  4875 | D:4      | Reached XP level 7. HP: 52/63 MP: 10/10
  4985 | D:5      | Entered Level 5 of the Dungeon
  5092 | D:5      | Reached skill level 5 in Stealth
  5219 | D:5      | Found a staircase to the Ecumenical Temple.
  5225 | Temple   | Entered the Ecumenical Temple
  5232 | Temple   | Became a worshipper of Cheibriados the Contemplative
  5490 | D:5      | Reached skill level 5 in Axes
  6060 | D:5      | You fall through a shaft!
  6580 | D:6      | Reached skill level 1 in Invocations
  6777 | D:6      | Reached skill level 1 in Throwing
  6777 | D:6      | Reached skill level 6 in Stealth
  6777 | D:6      | Reached XP level 8. HP: 50/73 MP: 11/11
  6789 | D:6      | Reached * piety under Cheibriados
  7397 | D:7      | Noticed Joseph
  7462 | D:7      | Found a bloodstained altar of Trog.
  8063 | D:7      | Noticed a hippogriff
  8821 | D:7      | Killed a hippogriff
  8821 | D:7      | Reached skill level 5 in Fighting
  8821 | D:7      | Reached skill level 7 in Stealth
  8908 | D:7      | Noticed a spriggan baker
  9101 | D:7      | Killed a spriggan baker
  9101 | D:7      | Reached XP level 9. HP: 43/81 MP: 12/12
  9270 | D:7      | Learned a level 3 spell: Gell's Gravitas
  9274 | D:7      | Learned a level 3 spell: Teleport Other
  9280 | D:7      | Learned a level 4 spell: Passage of Golubria
  9780 | D:7      | Reached ** piety under Cheibriados
 10498 | D:8      | Reached skill level 8 in Stealth
 10685 | D:8      | Noticed a two-headed ogre
 11874 | D:8      | Killed a two-headed ogre
 11874 | D:8      | Reached *** piety under Cheibriados
 11874 | D:8      | Reached skill level 5 in Throwing
 11874 | D:8      | Reached skill level 9 in Stealth
 11874 | D:8      | Reached XP level 10. HP: 50/91 MP: 13/13
 12181 | D:8      | Found Ymupt's Magic Scroll Boutique.
 12429 | D:8      | Bought a scroll of blinking for 82 gold pieces
 12429 | D:8      | Bought a scroll of summoning for 104 gold pieces
 12429 | D:8      | Bought a scroll of fog for 22 gold pieces
 12429 | D:8      | Bought a scroll of fear for 38 gold pieces
 12429 | D:8      | Bought a scroll of fear for 38 gold pieces
 13642 | D:8      | Reached skill level 5 in Invocations
 14099 | D:9      | Noticed a wizard
 14129 | D:9      | Killed a wizard
 14333 | D:9      | Learned a level 2 spell: Poisonous Vapours
 14640 | D:9      | Noticed Harold
 15261 | D:10     | Entered Level 10 of the Dungeon
 15432 | D:10     | Noticed a two-headed ogre
 15960 | D:9      | Reached skill level 10 in Stealth
 16149 | D:9      | Reached **** piety under Cheibriados
 16396 | D:10     | Found a staircase to the Lair.
 16428 | D:9      | Reached XP level 11. HP: 65/100 MP: 4/16
 17104 | D:10     | Learned a level 3 spell: Confuse
 17413 | D:10     | Noticed Grum
 17430 | D:9      | Killed Grum
 17514 | D:9      | Reached skill level 1 in Hexes
 17845 | Lair:1   | Entered Level 1 of the Lair of Beasts
 18022 | D:10     | Noticed a two-headed ogre
 18036 | D:10     | Killed a two-headed ogre
 18036 | D:10     | Reached skill level 10 in Axes
 18182 | D:10     | Noticed a two-headed ogre
 18187 | D:10     | Killed a two-headed ogre
 18514 | D:10     | Killed a two-headed ogre
 18747 | D:10     | Noticed Psyche
 20080 | Lair:1   | Identified a scroll of acquirement
 20503 | Lair:1   | Reached skill level 11 in Stealth
 20724 | Lair:2   | Found a staircase to the Swamp.
 20764 | Lair:2   | Found a staircase to the Snake Pit.
 20782 | Lair:2   | Reached skill level 5 in Hexes
 20782 | Lair:2   | Reached XP level 12. HP: 88/110 MP: 1/18
 20899 | Lair:2   | Learned a level 3 spell: Tukima's Dance
 21300 | Lair:2   | Reached skill level 12 in Stealth
 21409 | Lair:2   | Noticed a seven-headed hydra
 21427 | Lair:2   | Killed a seven-headed hydra
 22554 | Lair:3   | Found a runed translucent door.
 22555 | Lair:3   | Noticed Wunonnet's ghost (journeyman CeHu)
 23827 | Lair:4   | Noticed an entropy weaver
 24093 | D:11     | Noticed a two-headed ogre
 24102 | D:11     | Reached skill level 13 in Stealth
 24102 | D:11     | Killed a two-headed ogre
 24260 | D:11     | Found Pamah's Antique Weapon Boutique.
 24270 | D:11     | Noticed a two-headed ogre
 24282 | D:11     | Killed a two-headed ogre
 24501 | D:11     | Bought a runed war axe for 123 gold pieces
 24580 | D:11     | Noticed Erolcha
 24589 | D:11     | Killed Erolcha
 25052 | D:11     | Noticed a two-headed ogre
 25063 | D:11     | Killed a two-headed ogre
 25074 | D:11     | Reached skill level 14 in Stealth
 25074 | D:11     | Gained mutation: You can use your snake-like lower body to
                  | constrict enemies. [Naga growth]
 25074 | D:11     | Reached XP level 13. HP: 118/121 MP: 7/19
 25642 | D:11     | Reached ***** piety under Cheibriados
 26061 | D:12     | Noticed Jorgrun
 26085 | D:12     | Learned a level 3 spell: Spectral Weapon
 26952 | D:12     | Found a staircase to the Orcish Mines.
 27006 | D:12     | Found Esicvi's Assorted Antiques.
 27014 | D:12     | Bought a bone wand for 96 gold pieces
 27072 | D:12     | Found a portal to a secret trove of treasure.
 27503 | D:13     | Reached skill level 15 in Stealth
 27597 | D:13     | Identified the +10 trident of Buupy {freeze, rF+ Int+4
                  | Dex+3}
 28659 | D:13     | Reached skill level 5 in Translocations
 28947 | D:13     | Reached ****** piety under Cheibriados
 29104 | D:13     | Noticed Maurice
 29111 | D:13     | Killed Maurice
 29119 | D:13     | Reached skill level 5 in Spellcasting
 29141 | D:13     | Learned a level 5 spell: Summon Mana Viper
 29474 | D:7      | Killed Joseph
 29755 | Lair:4   | Killed an entropy weaver
 29755 | Lair:4   | Reached skill level 1 in Summonings
 29851 | Lair:4   | Reached skill level 16 in Stealth
 29853 | Lair:4   | Reached skill level 10 in Fighting
 29891 | Lair:4   | Noticed an entropy weaver
 29903 | Lair:4   | Killed an entropy weaver
 30476 | Lair:5   | You fall through a shaft!
 30476 | Lair:6   | Entered Level 6 of the Lair of Beasts
 30800 | Lair:5   | Reached XP level 14. HP: 111/132 MP: 11/21
 31151 | Lair:5   | Got a warped buckler
 31155 | Lair:5   | Identified the +1 buckler of Rotation {Dex+3} (You found it
                  | on level 5 of the Lair of Beasts)
 31415 | Lair:5   | Reached skill level 10 in Invocations
 31928 | Lair:6   | Reached skill level 17 in Stealth
 32377 | Lair:6   | Reached skill level 5 in Summonings
 32610 | Lair:6   | Found a viscous altar of Jiyva.
 32612 | Lair:6   | Found a staircase to the Slime Pits.
 33350 | Lair:6   | Reached skill level 18 in Stealth
 35228 | D:14     | Shot with an arrow by a centaur warrior

Levels and vault maps discovered:
D:1:      arrival_aquarium_a, layout_basic, minmay_splitting_lines,
          skrybe_limestone_x, palyth_stone_intersect
D:2:      kb_forest_paths, layout_loops_cross, yredelemnul_altar_generic,
          first_ration
D:3:      layout_loops_corners, old_standard_altar, minitemple,
          kennysheep_generic_room_6
D:4:      layout_cave_pools, kennysheep_mini_moat
D:5:      layout_cave_pools, minmay_temple_entry_fiery, minivault_25,
          minmay_misc_feat_pillars
D:6:      layout_loops_ring, grunt_decor_fettered, corexii_hall_statues_i
D:7:      layout_gridville, lemuel_crystal_altar, the_bakery, uniq_joseph
D:8:      layout_cave_pods, serial_shops, nicolae_shop_crystal,
          corexii_leaking_fountain
D:9:      layout_cave_pods, serial_column_ruins, column_ruins_hut,
          column_ruins_open_tiny, column_ruins_open_tiny, column_ruins_grid_3,
          column_ruins_corridor_water, column_ruins_corridor_straight,
          lightli_wizard_tower, uniq_harold
D:10:     layout_roguey, minmay_lair_entry_grove, serial_bayou_crossing,
          uniq_grum, uniq_psyche
D:11:     layout_loops_cross, serial_shops, shop, minmay_starry_boxes,
          uniq_erolcha
D:12:     layout_rooms, hiddenorc1_lemuel, trove_entry_hex_spiral, serial_shops,
          shop_fountains, uniq_jorgrun
D:13:     layout_long_grid, grunt_vaults_entry_fortified, uniq_maurice
D:14:     layout_rooms, serial_shops, shop_fountains, serial_glass,
          glass_columns_b, glass_columns_b, glass_columns_c, glass_columns_b,
          glass_columns_a, glass_columns_b, minmay_misc_feat_tiny, uniq_frances
Temple:   cyrus_circular_temple
Lair:1:   layout_cave_shapes, grunt_forest_small_clearings,
          chequers_serial_rivers_small_b, hangedman_lair_unloving_vines
Lair:2:   layout_gridlike, minmay_swamp_entry_worms,
          guppyfry_snake_entry_island, st_stairs_11
Lair:3:   layout_cave_pods, gammafunk_ghost_grave, minmay_lair_oklob_chamber
Lair:4:   layout_misc_corridors, minmay_another_anthill
Lair:5:   layout_cave_pods, gauntlet_entry_generic
Lair:6:   minmay_lair_end_enchanted_forest, layout_regular_city, slime_altar_1,
          grunt_megastairs_1

Skill      XL: |  1  2  3  4  5  6  7  8  9 10 11 12 13 14 |
---------------+-------------------------------------------+-----
Stealth        | 1 2 3 4 6 7 9 10 11 14 16 18 | 18.7
Shields        | 1 2 |  2.4
Axes           | 3 4 5 6 8 9 10 11 12 | 12.8
Fighting       | 3 4 5 6 7 8 9 10 11 | 11.1
Invocations    | 1 3 4 5 7 8 9 10 | 10.0
Throwing       | 1 3 5 6 |  6.1
Spellcasting   | 3 4 5 6 |  6.8
Hexes          | 5 7 8 |  8.0
Translocations | 5 |  5.0
Summonings     | 2 5 |  5.0
Armour         | |  0.7
Dodging        | |  1.5

Action                   |  1- 3 |  4- 6 |  7- 9 | 10-12 | 13-15 || total
-------------------------+-------+-------+-------+-------+-------++-------
Melee: Hand axe          |    68 |   170 |    77 |   284 |       ||   599
       Dagger            |       |       |    83 |    27 |       ||   110
       Spear             |       |       |   135 |   101 |       ||   236
       War axe           |       |       |       |    96 |   166 ||   262
       Morningstar       |       |       |       |    62 |       ||    62
       Trident           |       |       |       |       |   332 ||   332
       Constrict         |       |       |       |       |   134 ||   134
 Fire: Blowgun           |       |       |   117 |   135 |    30 ||   282
Throw: Stone             |    15 |    84 |    21 |   112 |   144 ||   376
       Javelin           |       |     6 |     9 |    28 |     1 ||    44
       Tomahawk          |       |       |    23 |    18 |       ||    41
       Throwing net      |       |       |       |     1 |       ||     1
 Cast: Blink             |       |       |    11 |    42 |     2 ||    55
       Teleport Other    |       |       |     5 |     4 |       ||     9
       Poisonous Vapours |       |       |       |     5 |       ||     5
       Confuse           |       |       |       |    69 |    82 ||   151
       Tukima's Dance    |       |       |       |    20 |    37 ||    57
       Shroud of Golubri |       |       |       |     2 |    13 ||    15
       Spectral Weapon   |       |       |       |       |    25 ||    25
       Summon Mana Viper |       |       |       |       |    53 ||    53
       Passage of Golubr |       |       |       |       |     2 ||     2
Invok: Bend Time         |       |       |     4 |     8 |     2 ||    14
       Slouch            |       |       |       |     7 |     3 ||    10
       Temporal Distorti |       |       |       |     1 |       ||     1
 Abil: Spit Poison       |    26 |    21 |    38 |    25 |     1 ||   111
Evoke: Wand              |       |       |    11 |    16 |       ||    27
  Use: Scroll            |       |    10 |     8 |    22 |    14 ||    54
       Potion            |       |     1 |     2 |     7 |     5 ||    15
 Stab: Sleeping          |     1 |     2 |       |     1 |     3 ||     7
       Confused          |       |       |       |    37 |    67 ||   104
       Distracted        |       |       |       |       |     6 ||     6
       Invisible         |       |       |       |       |     7 ||     7
  Eat: Chunk             |     4 |     5 |    15 |    24 |    33 ||    81
       Ration            |       |     1 |     1 |     2 |     1 ||     5
Armor: Leather armour    |     7 |       |       |       |       ||     7
       Ring mail         |    10 |    79 |   137 |   247 |   164 ||   637
       Skin              |       |       |       |    18 |       ||    18
Dodge: Dodged            |    35 |   103 |   173 |   265 |   201 ||   777
Block: Buckler           |    12 |    36 |    83 |   127 |   159 ||   417

Table legend:
 A = Non-vault XP
 B = Vault XP
 C = Vault XP percentage of total XP
 D = Non-vault monster count
 E = Vault monster count
 F = Vault count percentage of total count
                 A         B        C        D         E       F
            +---------+---------+-------+---------+---------+-------
      Total |   65293 |   20899 |  24.2 |     452 |     135 |  23.0
            +---------+---------+-------+---------+---------+-------
        D:1 |      26 |       0 |   0.0 |      18 |       0 |   0.0
        D:2 |      41 |      20 |  32.8 |       9 |       6 |  40.0
        D:3 |     134 |      14 |   9.5 |      21 |       2 |   8.7
        D:4 |     402 |       0 |   0.0 |      20 |       0 |   0.0
        D:5 |     341 |       0 |   0.0 |      14 |       0 |   0.0
        D:6 |     544 |       0 |   0.0 |      13 |       0 |   0.0
        D:7 |    2031 |     558 |  21.6 |      35 |       2 |   5.4
        D:8 |    2391 |       0 |   0.0 |      26 |       0 |   0.0
        D:9 |    1871 |    2357 |  55.7 |      22 |      17 |  43.6
       D:10 |    3828 |     311 |   7.5 |      18 |       2 |  10.0
       D:11 |    5078 |    2395 |  32.0 |      37 |       8 |  17.8
       D:12 |    5062 |     261 |   4.9 |      34 |      16 |  32.0
       D:13 |    8135 |     445 |   5.2 |      40 |       1 |   2.4
       D:14 |    2329 |       0 |   0.0 |      11 |       0 |   0.0
     Lair:1 |    2333 |    1583 |  40.4 |      12 |       6 |  33.3
     Lair:2 |    6062 |     320 |   5.0 |      27 |       2 |   6.9
     Lair:3 |    1261 |       0 |   0.0 |       9 |       0 |   0.0
     Lair:4 |    1518 |    3728 |  71.1 |       9 |      22 |  71.0
     Lair:5 |    5298 |     803 |  13.2 |      20 |       4 |  16.7
     Lair:6 |   16608 |    8104 |  32.8 |      57 |      47 |  45.2
            +---------+---------+-------+---------+---------+-------
